 Dungeon Crawl Stone Soup version 0.29-a0-334-gb41bcbb86e (webtiles) character file.

Game seed: 11203338301052286810

13 spaghetti the Slasher (level 2, 21/21 HPs)
             Began as an Octopode Chaos Knight on Apr 13, 2022.
             Was a Plaything of Xom.
             Quit the game on level 1 of the Dungeon.
             The game lasted 00:00:30 (467 turns).

spaghetti the Slasher (Octopode Chaos Knight)        Turns: 467, Time: 00:00:31

Health: 21/21      AC:  1    Str: 11    XL:     2   Next: 37%
Magic:  2/2        EV: 13    Int: 14    God:    Xom [....*.]
Gold:   17         SH:  0    Dex: 11    Spells: 1/1 levels left

rFire   . . .      SeeInvis .   a - +0 falchion (chaos) {long}
rCold   . . .      Faith    .   (no shield)
rNeg    . . .      Spirit   .   (helmet restricted)
rPois   .          Reflect  .   (no amulet)
rElec   .          Harm     .   (no ring)
rCorr   .          Rampage  .   (no ring)
Will    .....                   (no ring)
Stlth   ++........              (no ring)
HPRegen 0.07/turn               (no ring)
MPRegen 0.08/turn               (no ring)
                                (no ring)
                                (no ring)

@: no status effects
A: almost no armour, amphibious, 8 rings, camouflage 1, gelatinous body 1,
(nimble swimmer 1), tentacles
a: Renounce Religion


You were on level 1 of the Dungeon.
You worshipped Xom.
You were a beloved toy of Xom.
You visited 1 branch of the dungeon, and saw 1 of its levels.

You collected 17 gold pieces.


Innate Abilities, Weirdness & Mutations

You cannot wear most types of armour.
You are amphibious.
You can wear up to eight rings at the same time.
Your skin changes colour to match your surroundings (Stealth+).
Your rubbery body absorbs attacks. (AC +1, EV +1)
((You are camouflaged when in or above water. (Stealth+)))
You have tentacles for arms and can constrict up to eight enemies at once.


   Skills:
 - Level 3.0 Fighting
 + Level 3.7 Long Blades
 - Level 2.3 Dodging


You had one spell level left.
You didn't know any spells.
Your spell library was empty.

Inventory:

Hand Weapons
 a - a +0 falchion of chaos (weapon) {long}
Missiles
 c - 38 stones {throwing}
Jewellery
 d - a ring of willpower
   (You found it on level 1 of the Dungeon)
 f - an amulet of faith {!P}
   (You found it on level 1 of the Dungeon)
Potions
 e - a potion of attraction {unknown}
Miscellaneous
 b - a piece from Xom's chessboard (15/15) (quivered)

Dungeon Overview and Level Annotations

Branches:
Dungeon (1/15)

Altars:

.........####.##.#....
.....††...#......#.!. ..
##....#......#.#.#.###.J
##....#........#.......
.#.........#.........#
###...........#...?..#
#.......###^..>....#.........
##.......# ###......#.........
#.####...# #.@....#.........
##.#......# #......##........
...#.###### ##......##........
...#.#########.......##........
.#.....[.........#>....!.......
.....#####..............#
....#.####..)...........#####
............................#####
....#######..........######.....#


You could see an endoplasm (asleep).


Message History

You now have 21 max hp (+5).
Your hp is fully restored (21).
Your mp is fully restored (2).
Things that are here:
a +0 whip {mace}; a kobold corpse
c - 38 stones {throwing} (gained 20)
A rat comes into view.
A rat is nearby!
A rat is nearby!
The helpless rat fails to defend itself.
You hit the rat. You burn the rat.
You kill the rat!
No target in view!
No target in view!
No target in view!
No target in view!
No target in view!
No target in view!
No target in view!
No target in view!
No target in view!
You see here a rat corpse.
You now have 5 gold pieces.
d - a ring of willpower
e - a blue potion You now have 9 gold pieces (gained 4).
Xom smirks.
You feel momentarily disoriented.
A frilled lizard comes into view. "Let's try an experiment, hmmm?"
Your blue potion falls out of your pack, then immediately jumps back in!
You are now a beloved toy of Xom.
Unknown command.
Unknown command.
Unknown command.
A bat comes into view.
A ball python comes into view.
Found an escape hatch in the floor.
A hobgoblin comes into view.
The frilled lizard hisses angrily.
The ball python hisses angrily.
The hobgoblin shouts!
The frilled lizard barely misses you.
You completely miss the frilled lizard. Your grab misses the frilled lizard.
The frilled lizard bites you.
You are too injured to fight recklessly! 😕 HP[-3]
You take 3 damage, and now have 18/21 hp.
You are too injured to fight recklessly!
You are too injured to fight recklessly!
You are too injured to fight recklessly!
You are too injured to fight recklessly!
You are too injured to fight recklessly!
You are too injured to fight recklessly!
You are too injured to fight recklessly!
You are too injured to fight recklessly!
You are too injured to fight recklessly!
You are too injured to fight recklessly!
There are monsters nearby!
There are monsters nearby!
You are too injured to fight recklessly!
You closely miss the frilled lizard. You grab the frilled lizard.
You constrict the frilled lizard.
You kill the frilled lizard!
The bat barely misses you. The bat completely misses you.
The ball python closely misses you. x2
The ball python closely misses you. x2; The bat barely misses you.
The ball python bites you.
The ball python closely misses you. 😕 HP[-1]
You take 1 damage, and now have 17/21 hp.
You hit the bat. You grab the bat. You constrict the bat.
You kill the bat!
The ball python misses you. The ball python grabs you.
The ball python constricts you.
An endoplasm comes into view. 😕 HP[-1]
You take 1 damage, and now have 16/21 hp.
The endoplasm quivers.
You hit the ball python.
You kill the ball python!
The hobgoblin hits you. 😮 HP[-1]
You take 1 damage, and now have 15/21 hp.
You hit the hobgoblin. You freeze the hobgoblin.
Your grab misses the hobgoblin. The hobgoblin hits you.
You barely miss the hobgoblin. You grab the hobgoblin.
You constrict the hobgoblin.
You kill the hobgoblin!
You see here a hobgoblin corpse.
You hit the endoplasm.
The endoplasm is poisoned.
You squeeze the endoplasm.
You kill the endoplasm!
Key pressed, stopping explore.
You now have 17 gold pieces (gained 8).
You see here a frilled lizard corpse. 😎 HP[+6]
Your hp is fully restored (21).
Found a stone staircase leading down.
f - an amulet of faith {!P} An endoplasm comes into view.
Unknown command.
Are you sure you want to abandon this character and quit the game? (Confirm with "yes".)

Action                   || total
-------------------------++-------
Melee: Falchion          ||    20
       Constrict         ||     5
       Tentacles         ||     1
 Stab: Sleeping          ||     2
Armor: Skin              ||     1
Dodge: Dodged            ||    17

Levels and vault maps discovered:
D:1:      scummos_arrival_checkerplants, layout_basic

Notes
Turn   | Place    | Note
-------+----------+-------------------------------------------
     0 | D:1      | spaghetti the Octopode Chaos Knight began the quest for the
                  | Orb.
     0 | D:1      | Reached XP level 1. HP: 16/16 MP: 1/1
     0 | D:1      | magus.rc [v1.9.6]
    37 | D:1      | HP: 4/16 [kobold/+0 short sword (6)]
   290 | D:1      | Reached XP level 2. HP: 21/21 MP: 2/2
   347 | D:1      | XOM: divination: magic mapping
   352 | D:1      | XOM: silly message
   467 | D:1      | Quit the game

Vanquished Creatures
  2 ball pythons (D:1)
  A bat (D:1)
  An endoplasm (D:1)
  A goblin (D:1)
  2 hobgoblins (D:1)
  2 kobolds (D:1)
  A frilled lizard (D:1)
  2 rats (D:1)
12 creatures vanquished.

Table legend:
 A = Non-vault XP
 B = Vault XP
 C = Vault XP percentage of total XP
 D = Non-vault monster count
 E = Vault monster count
 F = Vault count percentage of total count
                 A         B        C        D         E       F
            +---------+---------+-------+---------+---------+-------
      Total |      19 |       0 |   0.0 |      12 |       0 |   0.0
            +---------+---------+-------+---------+---------+-------
        D:1 |      19 |       0 |   0.0 |      12 |       0 |   0.0
            +---------+---------+-------+---------+---------+-------

Illustrated notes

Table legend:
 A = Kills in this place as a percentage of kills in entire the game.
 B = Kills by you in this place as a percentage of kills by you in the entire game.
 C = Kills by friends in this place as a percentage of kills by friends in the entire game.
 D = Other kills in this place as a percentage of other kills in the entire game.
 E = Experience gained in this place as a percentage of experience gained in the entire game.
 F = Experience gained in this place divided by the number of levels of this place that you have seen.
                   A       B       C       D       E      F
               +-------+-------+-------+-------+-------+----------------------
         Total | 100.0 | 100.0 |   N/A |   N/A | 100.0 |  19.0
       Dungeon | 100.0 | 100.0 |   N/A |   N/A | 100.0 |  19.0
               +-------+-------+-------+-------+-------+----------------------

Table legend: (Time is in decaauts)
 A = Elapsed time spent in this place.
 B = Non-inter-level travel time spent in this place.
 C = Inter-level travel time spent in this place.
 D = Time resting spent in this place.
 E = Time spent auto-exploring this place.
 F = Levels seen in this place.
 G = Mean time per level.
                   A        B        C        D        E       F      G
               +--------+--------+--------+--------+--------+-----+--------+
         Total |    469 |    469 |      0 |    169 |    235 |   1 |  469.0 |
       Dungeon |    469 |    469 |      0 |    169 |    235 |   1 |  469.0 |
               +--------+--------+--------+--------+--------+-----+--------+

Top non-repeatable levels by time:
     D:1: 469 daAuts
